 Dungeon Crawl Stone Soup version 0.27.0-1-g7a089689b8 (webtiles) character file.

Game seed: 14140375969358600448

146 inmateoo the Skirmisher (level 5, -5/35 HPs)
             Began as a Tengu Warper on Aug 6, 2021.
             Shot with an arrow by a centaur (8 damage)
             ... on level 3 of the Dungeon.
             The game lasted 00:02:03 (3516 turns).

inmateoo the Skirmisher (Tengu Warper)              Turns: 3516, Time: 00:02:04

Health: -5/35      AC:  3    Str: 12    XL:     5   Next: 28%
Magic:  9/9        EV: 14    Int: 14    God:
Gold:   102        SH:  0    Dex: 13    Spells: 8/8 levels left

rFire    . . .     SeeInvis .   a - +1 falchion
rCold    . . .     Faith    .   (no shield)
rNeg     . . .     Spirit   .   b - +0 leather armour
rPois    .         Reflect  .   (helmet restricted)
rElec    .         Harm     .   (no cloak)
rCorr    .         Rampage  .   (no gloves)
Will     .....                  (boots unavailable)
Stlth    +.........             (no amulet)
HPRegen  0.11/turn              (no ring)
MPRegen  0.11/turn              (no ring)

@: flying quickly and evasively, quick
A: beak, talons 3, nimble flight
a: no special abilities


You were on level 3 of the Dungeon.
You visited 1 branch of the dungeon, and saw 3 of its levels.

You collected 102 gold pieces.

Inventory:

Hand Weapons
 a - a +1 falchion (weapon)
Missiles
 d - 5 boomerangs of dispersal
 j - 6 boomerangs (quivered)
Armour
 b - a +0 leather armour (worn)
Scrolls
 c - a scroll of blinking
 k - a scroll of identify
Potions
 e - 2 potions of brilliance
 f - 2 potions of heal wounds
 g - a potion of curing {unknown}
 h - a potion of might {unknown}
 i - a potion of invisibility {unknown}


   Skills:
 + Level 5.0 Fighting
 + Level 2.3 Long Blades
 - Level 1.0 Throwing
 + Level 1.4 Armour
 + Level 2.4 Dodging
 - Level 2.0 Spellcasting
 - Level 2.4 Translocations


You had 8 spell levels left.
You didn't know any spells.
Your spell library contained the following spells:

 Spells                   Type           Power      Damage    Failure   Level
 Blink                    Tloc           N/A        N/A       17%         2
 Gell's Gravitas          Tloc           4%         N/A       34%         3
 Lesser Beckoning         Tloc           4%         N/A       34%         3
 Teleport Other           Tloc           8%         N/A       34%         3
 Summon Guardian Golem    Hex/Summ       1%         N/A       65%         3
 Manifold Assault         Tloc           8%         N/A       97%         5
 Orb of Destruction       Conj           0%         N/A       100%        7
 Spellforged Servitor     Conj/Summ      0%         N/A       100%        7


Dungeon Overview and Level Annotations

Branches:
Dungeon (3/15)

Altars:
Nemelex Xobeh


Innate Abilities, Weirdness & Mutations

You have a beak for a mouth.
You have claws for feet.
Your magical nature lets you fly swiftly and evasively.


Message History

You start resting.
HP restored.
You fly downwards.
The centaur shoots an arrow.
The arrow hits you!
There is a stone staircase leading up, spattered with blood here.
The centaur shoots an arrow.
The arrow hits you!
The centaur shoots an arrow.
The arrow hits you!
* * * LOW HITPOINT WARNING * * *
You fly upwards.
There is a stone staircase leading down here.
You start resting.
HP restored.
You fly downwards.
The centaur shoots an arrow.
The arrow misses you.
The centaur shoots an arrow.
The arrow hits you!
There is a stone staircase leading up, spattered with blood here.
The centaur shoots an arrow.
The arrow closely misses you.
You fly upwards.
There is a stone staircase leading down here.
You start resting.
HP restored.
You fly downwards.
The centaur shoots an arrow.
The arrow hits you!
There is a stone staircase leading up, spattered with blood here.
The centaur shoots an arrow.
The arrow closely misses you.
You fly upwards.
There is a stone staircase leading down here.
You start resting.
HP restored.
You fly downwards.
The centaur shoots an arrow.
The arrow hits you.
The centaur shoots an arrow.
The arrow hits you.
There is a stone staircase leading up, spattered with blood here.
You fly upwards.
There is a stone staircase leading down here.
You start resting.
HP restored.
You fly downwards.
The centaur shoots an arrow.
The arrow hits you!
The centaur shoots an arrow.
The arrow hits you!
There is a stone staircase leading up, spattered with blood here.
The centaur shoots an arrow.
The arrow hits you!
* * * LOW HITPOINT WARNING * * *
The centaur shoots an arrow.
The arrow hits you!
You die...

#......$....###...
#.................
#..........####...
###..........#####..
#......c....#......#
#..........#..###..#
#......##c...####.##
#......##.#####.....
#..@............#.##
#..[....#########.#
#>.....## #.##
#......# ..#.
#......# .##.
#......# .###.
######## . #.. ##
### ##.


You could see a centaur.

Vanquished Creatures
  An iguana (D:3)
  7 adders
  2 dart slugs
  4 ball pythons
  6 endoplasms
  A giant cockroach (D:3)
  6 goblins
  7 hobgoblins
  2 jackals (D:1)
  4 bats
  4 frilled lizards
  4 kobolds (D:2)
  5 rats
53 creatures vanquished.

Vanquished Creatures (others)
  A fungus (D:1)
1 creature vanquished.

Grand Total: 54 creatures vanquished

Notes
Turn   | Place    | Note
-------+----------+-------------------------------------------
     0 | D:1      | inmateoo the Tengu Warper began the quest for the Orb.
     0 | D:1      | Reached XP level 1. HP: 12/12 MP: 4/4
   389 | D:1      | Reached XP level 2. HP: 18/18 MP: 6/6
   675 | D:1      | Reached skill level 3 in Fighting
   796 | D:1      | Reached XP level 3. HP: 16/23 MP: 7/7
  1355 | D:2      | Found a sparkling altar of Nemelex Xobeh.
  1598 | D:2      | Reached skill level 4 in Fighting
  1990 | D:2      | Reached XP level 4. HP: 21/29 MP: 8/8
  2321 | D:3      | Reached skill level 5 in Fighting
  2503 | D:3      | Gained mutation: Your magical nature lets you fly swiftly
                  | and evasively. [Tengu growth]
  2503 | D:3      | Reached XP level 5. HP: 35/35 MP: 9/9
  2649 | D:3      | Noticed a centaur
  2965 | D:3      | HP: 1/35 [centaur/arrow (11)]
  3516 | D:3      | Shot with an arrow by a centaur

Illustrated notes

Levels and vault maps discovered:
D:1:      dpeg_cavernosity, layout_basic, corexii_hall_statues_u
D:2:      layout_loops_ring, basic_altar
D:3:      layout_rooms

Skill      XL: |  1  2  3  4 |
---------------+-------------+-----
Fighting       | 3 4 5 |  5.0
Long Blades    | |  2.3
Throwing       | |  1.0
Armour         | |  1.4
Dodging        | |  2.4
Spellcasting   | |  2.0
Translocations | |  2.4

Action                   |  1- 3 |  4- 6 || total
-------------------------+-------+-------++-------
Melee: Falchion          |    93 |    40 ||   133
       Kick              |    23 |     9 ||    32
       Peck              |     9 |    11 ||    20
Throw: Boomerang         |       |     3 ||     3
  Use: Scroll            |     1 |     1 ||     2
       Potion            |       |     1 ||     1
 Stab: Sleeping          |     3 |     1 ||     4
Armor: Leather armour    |    16 |    11 ||    27
Dodge: Dodged            |    69 |    43 ||   112
       Rpst.: Falchion   |    21 |    13 ||    34
